 Dungeon Crawl Stone Soup version 0.18-a0-1180-g64ccc1e (webtiles) character file.

833 Hamishm the Chopper (level 7, 0/54 HPs)
             Began as a Minotaur Berserker on Jan 27, 2016.
             Was an Elder of Trog.
             Slain by an orc warrior
             ... wielding a +3 dire flail
              (21 damage)
             ... on level 4 of the Dungeon.
             The game lasted 00:22:53 (4189 turns).

Hamishm the Chopper (Minotaur Berserker)            Turns: 4189, Time: 00:22:53

Health: 0/54       AC: 11    Str: 24    XL:     7   Next: 66%
Magic:  6/6        EV: 11    Int:  4    God:    Trog [****..]
Gold:   234        SH:  0    Dex: 17    Spells: 0 memorised, 6 levels left

rFire  . . .     SeeInvis .     b - +0 hand axe
rCold  . . .     Gourm    .     h - +0 scale mail (curse)
rNeg   . . .     Faith    .     (no shield)
rPois  +         Spirit   .     (helmet restricted)
rElec  .         Dismiss  .     (no cloak)
rCorr  .         Reflect  .     (no gloves)
SustAt .         Harm     .     w - +2 pair of boots
MR     .....                    (no amulet)
Stlth  ..........               v - +5 ring of dexterity
                                f - +3 ring of dexterity

@: not resistant to hostile enchantments, extremely unstealthy
A: retaliatory headbutt, horns 2, frail 1, sense surroundings 1, poison
resistance
a: Berserk, Trog's Hand, Brothers in Arms, Burn Spellbooks, Renounce Religion


You were on level 4 of the Dungeon.
You worshipped Trog.
Trog was greatly pleased with you.
You were not hungry.

You visited 1 branch of the dungeon, and saw 4 of its levels.
You also visited: Sewer and Ossuary.

You collected 234 gold pieces.

Inventory:

Hand Weapons
 b - a +0 hand axe (weapon)
Armour
 h - a cursed +0 scale mail (worn)
 p - a cursed +0 plate armour
 w - a +2 pair of boots (worn)
Jewellery
 f - a +3 ring of dexterity (left hand)
 v - a +5 ring of dexterity (right hand)
Scrolls
 k - 4 scrolls of identify
 l - 2 scrolls of teleportation
 n - a scroll of fear
 o - 2 scrolls of magic mapping
 q - 7 scrolls of blinking
 r - a scroll of immolation
 s - a scroll of recharging
 u - 2 scrolls of fog
Potions
 a - a potion of resistance {unknown}
 d - 6 potions of brilliance
 j - 3 potions of haste
 t - a potion of heal wounds
Comestibles
 i - 2 beef jerkies
 m - a meat ration


   Skills:
 * Level 5.6 Fighting
 * Level 7.5 Axes
 * Level 7.1 Armour
 - Level 2.1 Dodging


You had 6 spell levels left.
You didn't know any spells.

Dungeon Overview and Level Annotations

Branches:
Dungeon (4/15)
 Temple: D:4-7

Altars:
Ashenzari
Elyvilon
Makhleb
Ru

Shops:
D:4 :


Innate Abilities, Weirdness & Mutations

You reflexively headbutt those who attack you in melee.
You have a pair of horns on your head.
You are frail (-10% HP).
You passively map a small area around you.
Your system is resistant to poisons.


Message History

The orc priest hits you but does no damage.
You hit the orc priest but do no damage.
You headbutt the orc priest.
You kill the orc priest!
Trog accepts your kill.
You hit the orc warrior but do no damage.
The orc warrior hits you with an enchanted dire flail!
You hit the orc warrior but do no damage.
The orc warrior hits you with an enchanted dire flail!
* * * LOW HITPOINT WARNING * * *
You completely miss the orc warrior. The orc warrior closely misses you.
You hit the orc warrior but do no damage.
The orc warrior hits you with an enchanted dire flail.
* * * LOW HITPOINT WARNING * * *
Drink which item? (? for menu, Esc to quit)
You feel better.
You hit the orc warrior but do no damage.
Your headbutt misses the orc warrior.
The orc warrior hits you with an enchanted dire flail!!
You die...

, , * * ,
######################
*
+...o@...............#
,
,#...################.#
** * #.. * ,........#
#.# * *#. ,
,#.###.####.# * * #., *
,#..........# ..
#.#.....###### . **
#.......# , ., ,
#.#...#.# *, .#### *
#*#####.#


You could see an orc warrior.

Vanquished Creatures
  The ghost of unimpressed the Gusty, an amateur TeAE (D:3)
  An elf zombie (Ossuary)
  2 giant frogs (Sewer)
  2 human zombies (Ossuary)
  2 orc priests (D:4)
  An orc wizard (D:3)
  A worker ant (D:4)
  2 big kobold zombies (Ossuary)
  A hound skeleton (D:2)
  2 mummies (Ossuary)
  7 adders
  6 river rats
  2 oozes (Sewer)
  2 adder zombies (Ossuary)
  3 worms
  A giant gecko (D:1)
  8 orcs
  7 giant cockroaches
  8 goblins
  13 hobgoblins
  3 jackals (D:4)
  8 kobolds
  A quokka (D:4)
  15 ball pythons
  7 bats
  9 giant newts
  7 hobgoblin zombies (Ossuary)
  A jackal skeleton (D:4)
  A jackal zombie (Ossuary)
  16 kobold zombies (Ossuary)
  6 orc zombies (Ossuary)
  35 rats
181 creatures vanquished.

Notes
Turn   | Place    | Note
--------------------------------------------------------------
     0 | D:1      | Hamishm the Minotaur Berserker began the quest for the Orb.
     0 | D:1      | Reached XP level 1. HP: 19/19 MP: 0/0
   193 | D:1      | Reached XP level 2. HP: 14/27 MP: 1/1
   290 | D:1      | Reached ** piety under Trog
   574 | D:1      | Reached skill level 4 in Axes
   688 | D:1      | Reached XP level 3. HP: 29/33 MP: 2/2
   972 | D:2      | Found a shattered altar of Ashenzari.
  1599 | D:2      | Gained mutation: You are frail (-10% HP). [potion of mutation]
  1599 | D:2      | Gained mutation: Your system is resistant to poisons. [potion of mutation]
  1599 | D:2      | Gained mutation: You passively map a small area around you. [potion of mutation]
  1652 | D:3      | Reached XP level 4. HP: 36/36 MP: 3/3
  1684 | D:3      | Reached *** piety under Trog
  1707 | D:3      | Reached skill level 5 in Axes
  1844 | D:3      | Noticed unimpressed's ghost (amateur TeAE)
  1855 | D:3      | Killed unimpressed's ghost
  1855 | D:3      | Reached skill level 5 in Armour
  1855 | D:3      | Reached XP level 5. HP: 30/41 MP: 4/4
  1979 | D:3      | Found a white marble altar of Elyvilon.
  1984 | D:3      | Found a burning altar of Makhleb.
  1989 | D:3      | Found a sacrificial altar of Ru.
  2070 | D:3      | Found a glowing drain.
  2104 | Sewer    | Entered a sewer
  2210 | Sewer    | Reached skill level 6 in Axes
  2320 | Sewer    | Reached XP level 6. HP: 20/46 MP: 5/5
  2324 | Sewer    | Reached **** piety under Trog
  3061 | D:4      | Reached XP level 7. HP: 54/54 MP: 6/6
  3293 | D:4      | Found Edobaah's Book Shop.
  3362 | D:4      | Found a sand-covered staircase.
  3366 | Ossuary  | Entered an ossuary
  3516 | Ossuary  | Reached skill level 7 in Axes
  3521 | Ossuary  | Reached skill level 5 in Fighting
  4189 | D:4      | Slain by an orc warrior

Vault maps used:
D:1:      tarquinn_simple_flora_water_f
D:2:      lemuel_round_altar, first_bread
D:3:      grunt_temple_overflow_diamond, portal_sewer_entry_c,
          kennysheep_decorative_pillar
D:4:      enter_ossuary_5, serial_shops, shop
Sewer:    sewer_minmay_w
Ossuary:  ossuary_tomb_1

Action                   |  1- 3 |  4- 6 |  7- 9 || total
-------------------------+-------+-------+-------++-------
Melee: Hand axe          |    86 |   156 |   105 ||   347
Invok: Berserk           |       |     2 |     1 ||     3
       Brothers in Arms  |       |     1 |       ||     1
  Use: Scroll            |     6 |     3 |       ||     9
       Potion            |     2 |     6 |     1 ||     9
 Stab: Sleeping          |     1 |       |       ||     1
  Eat: Bread ration      |     1 |     1 |     1 ||     3
       Beef jerky        |       |       |     1 ||     1
